 Dungeon Crawl Stone Soup version 0.30.1-11-g7821555f0a (webtiles) character file.

Game seed: 11963890491637151235

642 Illumlnatl the Chopper (level 7, 0/56 HPs)
             Began as a Gnoll Reaver on Dec 27, 2023.
             Killed from afar by a steam dragon (9 damage)
             ... with a ball of steam
             ... on level 6 of the Dungeon.
             The game lasted 00:22:49 (5233 turns).

Illumlnatl the Chopper (Gnoll Reaver)               Turns: 5233, Time: 00:22:49

Health: 0/56       AC: 16    Str: 21    XL:     7   Next: 51%
Magic:  15/15      EV:  7    Int: 13    God:
Gold:   276        SH:  0    Dex: 13    Spells: 16/17 levels left

rFire   . . .        B - +2 quarterstaff (chaos)
rCold   . . .        (shield currently unavailable)
rNeg    . . .        a - +0 plate armour
rPois   .            h - +0 helmet of Courage {Str+8 Dex+3}
rElec   .            q - +0 cloak
rCorr   .            m - +0 pair of gloves
SInv    .            y - +1 pair of boots
Will    .....        (no amulet) Stlth
                     (no ring)
HPRegen 0.29/turn    (no ring)
MPRegen 0.14/turn

%: no passive effects
@: mighty
A: fangs 1, strong nose, distributed training
a: no special abilities


You were on level 6 of the Dungeon.
You visited 1 branch of the dungeon, and saw 7 of its levels.

You collected 276 gold pieces.

Inventory:

Hand Weapons
 d - a +2 spear of flaming
 j - the +7 trident "Beastbane" {elec, *Rage rPois rF++ rN+}
   (You found it on level 1 of the Dungeon)

   rF:        It greatly protects you from fire.
   rPois:     It protects you from poison.
   rN:        It protects you from negative energy.
   *Rage:     It berserks you when you make melee attacks (+20% chance).
 B - a +2 quarterstaff of chaos (weapon)
Missiles
 k - 6 silver boomerangs
 s - 35 stones
Armour
 a - a +0 plate armour (worn)
 h - the +0 helmet of Courage (worn) {Str+8 Dex+3}
   (You found it on level 4 of the Dungeon)

   Str:       It affects your strength (+8).
   Dex:       It affects your dexterity (+3).
 m - a +0 pair of gloves (worn)
 q - a +0 cloak (worn)
 y - a +1 pair of boots (worn)
 C - a +0 cloak
Wands
 u - a wand of roots (9)
Scrolls
 b - 3 scrolls of noise {unknown}
 e - 8 scrolls of identify {unknown}
 n - a scroll of magic mapping {unknown}
 o - 2 scrolls of vulnerability {unknown}
 p - 2 scrolls of poison {unknown}
 w - 2 scrolls of enchant weapon {unknown}
 x - a scroll of fog {unknown}
 A - a scroll of teleportation {unknown}
Potions
 c - 2 potions of cancellation
 f - 2 potions of resistance {unknown}
 g - 5 potions of haste
 i - 2 potions of brilliance {unknown}
 l - a potion of magic {unknown}
 r - a potion of lignification {unknown}
 t - a potion of mutation {unknown}
 z - a potion of attraction {unknown}


   Skills:
 + Level 5.3 Fighting
 + Level 2.6 Short Blades
 + Level 2.6 Long Blades
 + Level 7.1 Axes
 + Level 2.6 Maces & Flails
 + Level 2.6 Polearms
 + Level 2.6 Staves
 + Level 2.6 Ranged Weapons
 + Level 2.6 Throwing
 + Level 2.6 Armour
 + Level 5.3 Dodging
 + Level 2.6 Stealth
 + Level 2.6 Shields
 + Level 2.6 Unarmed Combat
 + Level 5.7 Spellcasting
 + Level 5.9 Conjurations
 + Level 2.1 Hexes
 + Level 2.1 Summonings
 + Level 2.1 Necromancy
 + Level 2.1 Translocations
 + Level 2.1 Transmutations
 + Level 2.1 Fire Magic
 + Level 2.1 Ice Magic
 + Level 2.1 Air Magic
 + Level 2.1 Earth Magic
 + Level 2.1 Poison Magic
 + Level 2.9 Invocations
 + Level 2.6 Evocations


You had 16 spell levels left.
You knew the following spells:

 Your Spells              Type           Power      Damage    Failure   Level
a - Kiss of Death         Conj/Necr      56%        2d9       65%         1

Your spell library contained the following spells:

 Spells                   Type           Power      Damage    Failure   Level
 Momentum Strike          Conj/Tloc      28%        3d8       80%         2
 Summon Small Mammal      Summ           36%        N/A       88%         1
 Dazzling Flash           Conj/Hex       28%        N/A       95%         3
 Hailstorm                Conj/Ice       14%        3d5       95%         3
 Ensorcelled Hibernation  Hex/Ice        18%        N/A       96%         2
 Call Canine Familiar     Summ           9%         N/A       99%         3
 Spider Form              Tmut/Pois      9%         N/A       99%         3
 Summon Guardian Golem    Hex/Summ       9%         N/A       99%         3
 Volatile Blastmotes      Fire/Tloc      18%        2d11      99%         3
 Anguish                  Hex/Necr       4%         N/A       100%        4
 Iskenderun's Mystic Bla  Conj/Tloc      14%        2d5       100%        4
 Starburst                Conj/Fire      7%         6d4       100%        6


Dungeon Overview and Level Annotations

Branches:
Dungeon (7/15)
 Temple: D:4-7

Altars:


Innate Abilities, Weirdness & Mutations

You have very sharp teeth.
Your uncanny sense of smell can sniff out nearby items.
Your experience applies equally to all skills.


Message History

* * * LOW HITPOINT WARNING * * *
The orc wizard is engulfed in a cloud of scalding steam.
The orc wizard gestures at you while chanting.
The magic dart hits you but does no damage.
Your attacks no longer feel as feeble.
The orc wizard casts a spell at you. You resist with some effort.
The steam dragon bites you but does no damage.
The steam dragon claws you but does no damage.
There is a stone staircase leading down here.
The steam dragon bites you but does no damage.
The steam dragon claws you but does no damage.
You climb downwards.
Reactivating autopickup.
The killer bee buzzes angrily. x3; The iguana hisses angrily.
Found a chain mail and a robe.
Found a stone staircase leading up.
There is a stone staircase leading up here.
The steam dragon barely misses you. x2; The killer bee stings you.
* * * LOW HITPOINT WARNING * * *
You climb upwards.
The adder hisses angrily.
The orc wizard gestures at you while chanting.
The magic dart hits something.
The orc throws a boomerang.
The orc wizard gestures wildly while chanting.
The orc wizard flickers and vanishes!
Deactivating autopickup; reactivate with Ctrl-A.
Something hits you but does no damage.
There is a stone staircase leading down here.
It was a potion of cancellation.
You feel magically purged.
The steam dragon bites you but does no damage.
The steam dragon claws you but does no damage.
Something hits you.
* * * LOW HITPOINT WARNING * * *
The gnoll bouda barks out a call to the hunt!
The gnolls pick up the pace!
It was a potion of might.
You feel very mighty all of a sudden. The steam dragon breathes steam at you.
The ball of steam hits you!
You die...

.......g.o...# #.
##........g...#
... ....##+
#o###.#....
.......
#..........
...... #....##...
##...##g...##..
#...............
#.#..Sg.{.......
#......@.........
###.#.D.....#....
#.#.#####.#.### #
#<# .# # ### .#


You could see a steam dragon (catching breath), a gnoll bouda, 2 gnolls, an
adder and an orc.

Vanquished Creatures
  A water moccasin (D:5)
  A scorpion (D:5)
  A hound (D:5)
  3 jellies
  2 orc wizards
  A sleepcap (D:5)
  Crazy Yiuf (D:5)
  2 iguanas (D:4)
  4 gnolls
  6 adders
  A shadow imp (D:5)
  An ufetubus (D:5)
  A worm (D:4)
  2 dart slugs (D:1)
  10 orcs
  11 endoplasms
  3 giant cockroaches
  6 goblins
  4 hobgoblins
  5 jackals
  3 quokkas
  8 ball pythons
  5 bats
  5 frilled lizards
  10 kobolds
  7 rats
104 creatures vanquished.

Notes
Turn   | Place    | Note
-------+----------+-------------------------------------------
     0 | D:1      | Illumlnatl the Gnoll Reaver began the quest for the Orb.
     0 | D:1      | Reached XP level 1. HP: 20/20 MP: 6/6
    84 | D:1      | Reached XP level 2. HP: 15/26 MP: 7/7
    89 | D:1      | Identified the +7 trident "Beastbane" {elec, *Rage rPois
                  | rF++ rN+}
    99 | D:1      | Found a faded altar of an unknown god.
   379 | D:1      | Reached skill level 5 in Spellcasting
   379 | D:1      | Reached XP level 3. HP: 30/31 MP: 7/9
   701 | D:1      | Reached skill level 1 in Invocations
  1196 | D:2      | Reached skill level 1 in Short Blades
  1196 | D:2      | Reached skill level 1 in Long Blades
  1196 | D:2      | Reached skill level 1 in Maces & Flails
  1196 | D:2      | Reached skill level 1 in Polearms
  1196 | D:2      | Reached skill level 1 in Staves
  1196 | D:2      | Reached skill level 1 in Ranged Weapons
  1196 | D:2      | Reached skill level 1 in Throwing
  1196 | D:2      | Reached skill level 1 in Armour
  1196 | D:2      | Reached skill level 1 in Stealth
  1196 | D:2      | Reached skill level 1 in Shields
  1196 | D:2      | Reached skill level 1 in Unarmed Combat
  1196 | D:2      | Reached skill level 1 in Evocations
  1271 | D:2      | Reached XP level 4. HP: 38/38 MP: 11/11
  2434 | D:3      | Reached skill level 1 in Hexes
  2434 | D:3      | Reached skill level 1 in Summonings
  2434 | D:3      | Reached skill level 1 in Necromancy
  2434 | D:3      | Reached skill level 1 in Translocations
  2434 | D:3      | Reached skill level 1 in Transmutations
  2434 | D:3      | Reached skill level 1 in Fire Magic
  2434 | D:3      | Reached skill level 1 in Ice Magic
  2434 | D:3      | Reached skill level 1 in Air Magic
  2434 | D:3      | Reached skill level 1 in Earth Magic
  2434 | D:3      | Reached skill level 1 in Poison Magic
  3299 | D:4      | Reached XP level 5. HP: 43/43 MP: 12/12
  3687 | D:4      | Reached XP level 6. HP: 35/50 MP: 13/13
  3827 | D:4      | Identified the +0 helmet of Courage {Str+8 Dex+3}
  3855 | D:4      | Reached skill level 5 in Fighting
  3855 | D:4      | Reached skill level 5 in Dodging
  4413 | D:5      | Entered Level 5 of the Dungeon
  4441 | D:5      | Noticed a water moccasin
  4450 | D:5      | Killed a water moccasin
  4451 | D:5      | Reached skill level 7 in Axes
  4451 | D:5      | Reached XP level 7. HP: 28/56 MP: 15/15
  4636 | D:5      | Found a runed translucent door.
  4637 | D:5      | Noticed Crazy Yiuf
  5074 | D:5      | Killed Crazy Yiuf
  5217 | D:6      | Noticed a troll
  5219 | D:6      | Noticed a steam dragon
  5233 | D:6      | Killed from afar by a steam dragon

Illustrated notes

Levels and vault maps discovered:
D:1:      dpeg_arrival_solitude, layout_basic,
          hellmonk_ecumenical_altar_lost_god, serial_bayou_lagoon_a,
          nicolae_concentric_dashed_squares_mild
D:2:      layout_basic, serial_park_tiny_2
D:3:      layout_basic, minmay_increasing_density
D:4:      layout_cave_pools, chequers_big_river
D:5:      layout_basic, chequers_serial_rivers_large_b, uniq_crazy_yiuf_cottage
D:6:      layout_basic, minmay_temple_entry_trees, serial_shops, shop,
          minmay_manual_monstrance, uniq_blork_the_orc
D:7:      old_forge, layout_cave_pools, serial_shops, nicolae_shop_dealshenge,
          reono_crystal_passage, uniq_pikel, uniq_duvessa, uniq_joseph,
          uniq_prince_ribbit1

Skill      XL: |  1  2  3  4  5  6  7 |
---------------+----------------------+-----
Spellcasting   | 5 |  5.7
Invocations    | 1 2 |  2.9
Short Blades   | 1 2 |  2.6
Long Blades    | 1 2 |  2.6
Maces & Flails | 1 2 |  2.6
Polearms       | 1 2 |  2.6
Staves         | 1 2 |  2.6
Ranged Weapons | 1 2 |  2.6
Throwing       | 1 2 |  2.6
Armour         | 1 2 |  2.6
Stealth        | 1 2 |  2.6
Shields        | 1 2 |  2.6
Unarmed Combat | 1 2 |  2.6
Evocations     | 1 2 |  2.6
Hexes          | 1 2 |  2.1
Summonings     | 1 2 |  2.1
Necromancy     | 1 2 |  2.1
Translocations | 1 2 |  2.1
Transmutations | 1 2 |  2.1
Fire Magic     | 1 2 |  2.1
Ice Magic      | 1 2 |  2.1
Air Magic      | 1 2 |  2.1
Earth Magic    | 1 2 |  2.1
Poison Magic   | 1 2 |  2.1
Fighting       | 5 |  5.3
Dodging        | 5 |  5.3
Axes           | 7 |  7.1
Conjurations   | |  5.9

Action                     |  1- 3 |  4- 6 |  7- 9 || total
---------------------------+-------+-------+-------++-------
  Melee: Hand axe          |    13 |       |       ||    13
         Trident           |    57 |   176 |    14 ||   247
         Bite              |     3 |    19 |       ||    22
         Punch             |       |     4 |       ||     4
         Quarterstaff      |       |       |     4 ||     4
   Cast: Kiss of Death     |     1 |       |       ||     1
    Use: Potion            |       |     3 |     2 ||     5
 Armour: Leather armour    |    12 |       |       ||    12
         Ring mail         |    25 |    94 |       ||   119
         Chain mail        |       |    29 |       ||    29
         Plate armour      |       |     5 |    28 ||    33
  Dodge: Dodged            |    91 |   123 |    16 ||   230
